 Dungeon Crawl Stone Soup version 0.18.1-50-g88ac8fd (webtiles) character file.

57 st0uf the Changer (level 3, -2/28 HPs)
             Began as a Draconian Transmuter on Sept 30, 2016.
             Killed from afar by a dart slug (3 damage)
             ... with a slug dart
             ... on level 2 of the Dungeon.
             The game lasted 00:05:10 (1127 turns).

st0uf the Changer (Draconian Transmuter)            Turns: 1127, Time: 00:05:11

Health: -2/28      AC:  5    Str: 12    XL:     3   Next: 73%
Magic:  4/6        EV: 12    Int: 19    God:
Gold:   91         SH:  0    Dex: 11    Spells: 2 memorised, 3 levels left

rFire  . . .     SeeInvis .       - Unarmed
rCold  . . .     Gourm    .     (armour unavailable)
rNeg   . . .     Faith    .     (no shield)
rPois  .         Spirit   .     (helmet restricted)
rElec  .         Dismiss  .     (no cloak)
rCorr  .         Reflect  .     (no gloves)
SustAt .         Harm     .     (no boots)
MR     .....                    (no amulet)
Stlth  +.........               (no ring)
                                (no ring)

@: brilliant, lethally poisoned (-2 -> -8), appendage (expiring), not resistant
to hostile enchantments, very unstealthy
A: unfitting armour, horns 2, cold-blooded, AC +5
a: End Transformation


You were on level 2 of the Dungeon.
You were not hungry.
You had grown temporary horns.
You visited 1 branch of the dungeon, and saw 2 of its levels.

You collected 91 gold pieces.

Inventory:

Missiles
 a - 4 arrows
Armour
 j - a +0 buckler
Scrolls
 d - a scroll of amnesia {unknown}
 g - a scroll of remove curse {unknown}
 h - 4 scrolls of identify {unknown}
 l - a scroll of enchant armour {unknown}
Potions
 e - a potion of might {unknown}
 k - a potion of brilliance
Books
 b - a book of Changes

   Spells                             Type                      Level
   a - Beastly Appendage              Transmutation                1
   b - Sticks to Snakes               Transmutation                2
   c - Spider Form                    Transmutation/Poison         3
   d - Ice Form                       Ice/Transmutation            4
   e - Blade Hands                    Transmutation                5
Comestibles
 c - a bread ration
 f - 3 chunks of flesh
 i - a royal jelly


   Skills:
 - Level 1.1 Fighting
 - Level 1.7 Dodging
 - Level 3.0 Unarmed Combat
 - Level 2.0 Spellcasting
 + Level 4.1 Transmutations


You had 3 spell levels left.
You knew the following spells:

 Your Spells              Type           Power        Failure   Level  Hunger
a - Beastly Appendage     Trmt           ####..       1%          1    #......
b - Sticks to Snakes      Trmt           ####....     1%          2    ###....


Dungeon Overview and Level Annotations

Branches:
Dungeon (2/15)

Altars:
Ru


Innate Abilities, Weirdness & Mutations

Your plain brown scales are hard (AC +5).
Your body does not fit into most forms of armour.
You are cold-blooded and may be slowed by cold attacks.
You have a pair of horns on your head.


Message History

A dart slug comes into view.
Casting: Beastly Appendage
Confirm with . or Enter, or press ? or * to list all spells.
You create a snake!
You now have 4 arrows.
The adder bites you.
You are poisoned.
The adder poisons you! The dart slug launches a dart at you.
The slug dart misses your ball python. The slug dart hits you!
* * * LOW HITPOINT WARNING * * *
You swap places.
* * * LOW HITPOINT WARNING * * *
You feel sick. Something bites your ball python.
Your ball python dies!
Unknown command.
Drink which item? (? for menu, Esc to quit)
It was a potion of brilliance.
You feel clever all of a sudden. The dart slug launches a dart at you.
The slug dart hits you!
You die...

# # #####
########## .....
#.........
##...####..######.
#w......#..# ##.
#.#.##.....#####..
#.#.#......#.....#
#@#.#........###..
#.S..w.....### ##.
###..#.....# #.
#..####..# #. #..#
#..# #.
##..####..######.
#....[..........
#...####..######
#รท..# #..#


You could see a worm, an adder and a dart slug.

Vanquished Creatures
  An adder (D:2)
  A worm (D:2)
  2 dart slugs (D:2)
  2 giant geckos (D:2)
  3 giant cockroaches
  3 goblins (D:2)
  2 jackals (D:2)
  3 bats (D:1)
  A giant newt (D:1)
  3 kobolds
  4 rats
25 creatures vanquished.

Vanquished Creatures (collateral kills)
  2 adders (D:2)
  A worm (D:2)
3 creatures vanquished.

Grand Total: 28 creatures vanquished

Notes
Turn   | Place    | Note
--------------------------------------------------------------
     0 | D:1      | st0uf the Draconian Transmuter began the quest for the Orb.
     0 | D:1      | Reached XP level 1. HP: 16/16 MP: 3/3
   216 | D:1      | Reached XP level 2. HP: 22/23 MP: 5/5
   348 | D:2      | Reached skill level 3 in Transmutations
   670 | D:1      | Learned a level 2 spell: Sticks to Snakes
   860 | D:2      | Reached XP level 3. HP: 26/28 MP: 1/6
  1001 | D:2      | Found a sacrificial altar of Ru.
  1068 | D:2      | Reached skill level 4 in Transmutations
  1125 | D:2      | HP: 1/28 [dart slug/slug dart (8)]
  1127 | D:2      | Killed from afar by a dart slug

Skill      XL: |  1  2  3 |
---------------+----------+-----
Transmutations | 3 4 |  4.1
Fighting       | |  1.1
Dodging        | |  1.7
Unarmed Combat | |  3.0
Spellcasting   | |  2.0

Action                   || total
-------------------------++-------
Melee: Unarmed           ||   111
       Tailslap          ||    10
       Punch             ||     1
       Kick              ||     3
       Headbutt          ||     1
 Cast: Beastly Appendage ||     8
       Sticks to Snakes  ||     8
  Use: Potion            ||     1
  Eat: Chunk             ||     2
Armor: Skin              ||    33
Dodge: Dodged            ||    73
